 Dungeon Crawl Stone Soup version 0.30-a0-52-g86a8295270 (webtiles) character file.

Game seed: 1560470928577480264

0 MrFrogsmire the Chucker (level 1, -2/17 HPs)
             Began as a Meteoran Wanderer on Sept 7, 2022.
             Slain by a jackal (3 damage)
             ... on level 1 of the Dungeon.
             The game lasted 00:00:54 (35 turns).

MrFrogsmire the Chucker (Meteoran Wanderer)           Turns: 35, Time: 00:00:55

Health: -2/17      AC:  2    Str: 11    XL:     1   Next: 0%
Magic:  2/3        EV: 11    Int: 16    God:
Gold:   0          SH:  0    Dex: 12    Spells: 1/2 levels left

rFire   . . .      SeeInvis .    a - +0 long sword
rCold   . . .      Faith    .    (no shield)
rNeg    . . .      Spirit   .    e - +0 robe
rPois   .          Reflect  .    (no helmet)
rElec   .          Harm     .    (no cloak)
rCorr   .          Rampage  .    (no gloves)
Will    .....                    (no boots)
Stlth   +.........               (no amulet)
HPRegen 0.05/turn                (no ring)
MPRegen 0.08/turn                (no ring)

@: glowing
A: sense surroundings 1, otherworldly, glowing, explore regen
a: no special abilities


You were on level 1 of the Dungeon.
You visited 1 branch of the dungeon, and saw 1 of its levels.

Inventory:

Hand Weapons
 a - a +0 long sword (weapon)
 c - a +0 dagger
Missiles
 b - 9 boomerangs
Armour
 e - a +0 robe (worn)
Potions
 d - a potion of curing


   Skills:
 + Level 2.1 Fighting
 + Level 2.4 Long Blades
 + Level 4.8 Throwing
 + Level 1.3 Spellcasting
 + Level 1.2 Summonings


You had one spell level left.
You knew the following spells:

 Your Spells              Type           Power      Damage    Failure   Level
a - Summon Small Mammal   Summ           16%        N/A       14%         1

Your spell library contained the following spells:

 Spells                   Type           Power      Damage    Failure   Level
 Summon Guardian Golem    Hex/Summ       3%         N/A       45%         3


Dungeon Overview and Level Annotations

Branches:
Dungeon (1/15) Zot: 561

Altars:


Innate Abilities, Weirdness & Mutations

You passively map a small area around you.
You are easily found by Zot.
You glow in the dark.
You regain HP and MP as you explore.


Message History

You closely miss the frilled lizard.
Your bat closely misses the jackal.
Your bat hits the jackal but does no damage.
The jackal bites you. The frilled lizard barely misses you.
The jackal bites you.
The jackal bites you but does no damage.
The frilled lizard bites you.
You closely miss the frilled lizard.
Your bat completely misses the jackal.
Your bat closely misses the jackal.
The jackal bites you. The jackal closely misses you.
Your bat hits the jackal but does no damage.
The jackal bites you. The jackal closely misses you.
The frilled lizard barely misses you.
Your bat barely misses the jackal. x2
The jackal bites you but does no damage.
The jackal closely misses you.
The jackal bites you but does no damage.
Your bat barely misses the jackal.
You are too injured to fight recklessly!
You are too injured to fight recklessly!
You hit the jackal.
The jackal is almost dead.
Your bat misses the frilled lizard.
Your bat hits the jackal but does no damage.
The jackal barely misses you. x2
The jackal bites you but does no damage.
The jackal bites you.
* * * LOW HITPOINT WARNING * * *
The jackal attacks as you move away! The jackal completely misses you.
The jackal attacks as you move away! The jackal bites you.
* * * LOW HITPOINT WARNING * * *
Your bat closely misses the jackal.
You closely miss the jackal.
The jackal is almost dead.
Your bat hits the jackal but does no damage.
Your bat hits the jackal.
The jackal dies!
The jackal bites you.
* * * LOW HITPOINT WARNING * * *
Your bat hits the frilled lizard. The jackal bites you.
You die...

, * .~≈≈≈ .., *
,.. ~≈≈≈≈≈ .., , *
*..###~≈≈~###.. ,
+ #...#≈≈#...# . ,
* * #.⌠.#≈≈#.⌠.#
.. #.#...#~~#..
...
#..###~..b###....
,
##.......l@.......
,
.........h......?.
######+###'###+##.
* #...# * , ,
#~.~#§§≈#, *
#~.~#§§≈# * * #.
,#~.≈#§§≈# * , ,
#...#~.~#§≈.# , *
#...#~.~#≈§.#


You could see a jackal (ally target), a frilled lizard (distracted) and a
friendly bat (summoned).

Vanquished Creatures (collateral kills)
  A jackal (D:1)
1 creature vanquished.

Notes
Turn   | Place    | Note
-------+----------+-------------------------------------------
     0 | D:1      | MrFrogsmire the Meteoran Wanderer began the quest for the
                  | Orb.
     0 | D:1      | MrFrogsmire set off with the following items: a +0 long
                  | sword, 9 boomerangs, a +0 dagger, a potion of curing, a +0
                  | robe; and the following spell memorised: Summon Small
                  | Mammal; and the following spells available to memorise:
                  | Summon Guardian Golem.
     0 | D:1      | Reached XP level 1. HP: 17/17 MP: 3/3
    35 | D:1      | Slain by a jackal

Illustrated notes

Levels and vault maps discovered:
D:1:      lightli_arrival_quake, layout_basic,
          shapermc_ecumenical_altar_pompeii, fountainhead, st_stairs_14,
          chequers_serial_rivers_micro_c

Action                   || total
-------------------------++-------
Melee: Long sword        ||    10
 Cast: Summon Small Mamm ||     2
Armor: Robe              ||     8
Dodge: Dodged            ||    15

Table legend: (Time is in decaauts)
 A = Elapsed time spent in this place.
 B = Non-inter-level travel time spent in this place.
 C = Inter-level travel time spent in this place.
 D = Time resting spent in this place.
 E = Time spent auto-exploring this place.
 F = Levels seen in this place.
 G = Mean time per level.
                   A        B        C        D        E       F      G
               +--------+--------+--------+--------+--------+-----+--------+
         Total |     37 |     19 |     18 |      0 |      0 |   1 |   37.0 |
       Dungeon |     37 |     19 |     18 |      0 |      0 |   1 |   37.0 |
               +--------+--------+--------+--------+--------+-----+--------+

Top non-repeatable levels by time:
     D:1: 37 daAuts
